 Dungeon Crawl Stone Soup version 0.25.1-8-g42b30a86e7 (webtiles) character file.

Game seed: 11589954352587182401

14870 KamiKatze the Cleaver (level 11, -6/148 HPs)
             Began as a Red Draconian Berserker on Dec 16, 2020.
             Was an Elder of Trog.
             Mangled by a two-headed ogre
             ... wielding a +0 giant club
              (19 damage)
             ... on level 12 of the Dungeon.
             The game lasted 00:55:38 (11248 turns).

KamiKatze the Cleaver (Red Draconian Berserker)    Turns: 11248, Time: 00:55:39

Health: -6/148     AC: 11    Str: 22    XL:     11   Next: 94%
Magic:  0/12       EV: 16    Int:  7    God:    Trog [****..]
Gold:   778        SH:  6    Dex: 12    Spells: 10/10 levels left

rFire    + . .     SeeInvis +   a - +8 mithril axe "Arga" {speed, MR+}
rCold    . . .     Gourm    .   n - +0 buckler
rNeg     . . .     Faith    .   (armour unavailable)
rPois    .         Spirit   +   (helmet restricted)
rElec    .         Reflect  .   F - +0 cloak
rCorr    .         Harm     .   r - +2 pair of gloves
MR       ++++.                  (no boots)
Stlth    ..........             E - amulet of guardian spirit
HPRegen  1.34/turn              B - ring of protection from magic
MPRegen  0.13/turn              j - ring of see invisible

@: berserking, regenerating, very quick
A: breathe fire, unfitting armour, fire resistance 1, cold-blooded, AC +7
a: Breathe Fire, Berserk, Trog's Hand, Brothers in Arms, Renounce Religion


You were on level 12 of the Dungeon.
You worshipped Trog.
Trog was greatly pleased with you.
You were near starving.

You visited 2 branches of the dungeon, and saw 13 of its levels.

You collected 778 gold pieces.

Inventory:

Hand Weapons
 a - the +8 mithril axe "Arga" (weapon) {speed, MR+}
   (You found it on level 10 of the Dungeon)

   Attacks with this weapon are significantly faster.
   It affects your resistance to hostile enchantments.
 b - the +1 whip "Quyt" {drain, Dex+2}
   (You found it on level 7 of the Dungeon)

   A truly terrible weapon, it drains the life of those it strikes.
   It affects your dexterity (+2).
 w - a +0 morningstar
 T - a +0 vorpal battleaxe
Missiles
 i - 355 stones
 q - 18 boomerangs
 D - 40 poisoned darts (quivered)
Armour
 n - a +0 buckler (worn)
 r - a +2 pair of gloves (worn)
 F - a +0 cloak (worn)
Jewellery
 j - a ring of see invisible (right hand)
 o - an uncursed ring of resist corrosion
 B - a ring of protection from magic (left hand)
 E - an amulet of guardian spirit (around neck)
 H - a +6 ring of strength
 R - the ring "Aguegh" {rElec MP+9 Dex-4 Stlth+}
   (You found it on level 10 of the Dungeon)

   [ring of magical power]

   It affects your dexterity (-4).
   It insulates you from electricity.
   It affects your magic capacity (+9).
   It makes you more stealthy.
Wands
 y - a wand of iceblast (10)
 z - a wand of paralysis (2)
 C - a wand of random effects (20)
 G - a wand of digging (6)
 I - a wand of polymorph (9)
 M - a wand of acid (10)
 U - a wand of flame (22)
Scrolls
 d - a scroll of acquirement {unknown}
 e - 9 scrolls of teleportation
 l - a scroll of magic mapping {unknown}
 m - 7 scrolls of remove curse
 p - 2 scrolls of immolation {unknown}
 t - 3 scrolls of amnesia {unknown}
 A - 2 scrolls of enchant armour {unknown}
 N - 2 scrolls of fear {unknown}
 Q - 2 scrolls of blinking {unknown}
 S - 2 scrolls of enchant weapon {unknown}
Potions
 c - 4 potions of cancellation
 g - 2 potions of heal wounds
 h - a potion of magic {unknown}
 k - a potion of flight {unknown}
 s - 5 potions of curing
 u - 2 potions of might {unknown}
 x - 2 potions of stabbing
 J - 2 potions of lignification
 O - a potion of resistance {unknown}
Comestibles
 K - 5 rations
 P - 7 chunks of flesh


   Skills:
 + Level 10.1 Fighting
 * Level 12.3 Axes
 - Level 2.0 Throwing
 + Level 8.4 Dodging
 + Level 8.7 Shields
 - Level 2.0 Evocations


You had 10 spell levels left.
You didn't know any spells.
Your spell library was empty.

Dungeon Overview and Level Annotations

Branches:
Dungeon (12/15)            Temple (1/1) D:7            Lair (0/6) D:10
    Orc: D:9-12

Altars:
Ashenzari
Cheibriados
Dithmenos
Elyvilon
Fedhas
Gozag
Hepliaklqana
Kikubaaqudgha
Makhleb
Nemelex Xobeh
Okawaru
Qazlal
Ru
Sif Muna
Trog
Uskayaw
Vehumet
Wu Jian
Xom
Yredelemnul
Zin
The Shining One

Shops:
D:6 [


Innate Abilities, Weirdness & Mutations

You can breathe blasts of fire.
Your fiery red scales are hard. (AC +7)
You cannot fit into any form of body armour.
Your flesh is heat resistant. (rF+)
You are cold-blooded and may be slowed by cold attacks.


Message History

* * * LOW HITPOINT WARNING * * *
You closely miss the unseen horror. The unseen horror barely misses you.
You block the unseen horror's attack.
You closely miss the unseen horror.
The unseen horror hits you but does no damage.
You slash the two-headed ogre!
The two-headed ogre is moderately wounded.
You slash the two-headed ogre! You tail-slap the two-headed ogre.
The two-headed ogre is heavily wounded.
You carefully extract the barbed spikes from your body.
You block the two-headed ogre's attack.
The two-headed ogre hits you with a +0 giant club!!
* * * LOW HITPOINT WARNING * * *
Unknown command.
A red film seems to cover your vision as you go berserk!
You feel yourself moving faster!
You feel mighty!
You are near starving!
You block the two-headed ogre's attack.
The two-headed ogre hits you with a +0 giant club!!
You die...

.###...### #....#
.# ###...###
#.#.## .#
###...### #.#.#
.#########...###
#.#># .......#
###...### #...#
.#####.#
#.#...### #...##
.# #.#
#.###...###'....#
.# #.#
#.#####.......#.#
.# #.#
#....@Ox>.....#.#
.## #.#
#.############# #
..####.# #.#
.......## #.#
..###...## #.#
.###.....###.#
.##..........#
.##......#####
.##.#...##


You could see a two-headed ogre and an unseen horror (invisible).

Vanquished Creatures
  A fire dragon (D:12)
  3 two-headed ogres
  2 unseen horrors
  Pikel (D:5)
  3 manticores
  A cyclops (D:12)
  Psyche (D:12)
  Maurice (D:8)
  A gargoyle (D:11)
  A komodo dragon (D:10)
  A troll (D:12)
  Grinder (D:4)
  A hornet (D:11)
  Prince Ribbit (D:6)
  Sigmund (D:6)
  A hippogriff (D:7)
  A wraith (D:12)
  Eustachio (D:6)
  A wyvern (D:9)
  9 yaks
  A human (D:10)
  A basilisk (D:10)
  A hungry ghost (D:10)
  4 porcupines
  3 orc warriors
  4 ice beasts
  A slave (D:5)
  A hornet zombie (D:10)
  2 sky beasts (D:10)
  2 black bears
  A phantom (D:10)
  A boggart (D:10)
  2 ogres
  A centaur (D:9)
  A big kobold (D:8)
  A bullfrog (D:9)
  3 scorpions
  9 killer bees
  4 howler monkeys
  13 wights
  6 crimson imps
  A bullfrog zombie (D:10)
  2 centaur zombies
  5 quasits
  7 orc priests
  4 bullfrog skeletons
  2 hounds
  2 iguanas
  A jelly (D:10)
  Crazy Yiuf (D:6)
  8 orc wizards
  Natasha (thrice) (D:4)
  6 worker ants
  2 hound skeletons
  A worker ant zombie (D:9)
  13 adders
  3 gnolls (D:7)
  A howler monkey skeleton (D:4)
  2 shadow imps
  An ooze (D:3)
  A worm (D:3)
  A dart slug (D:1)
  2 leopard geckos
  29 orcs
  A ball python (D:4)
  A bat (D:2)
  6 giant cockroaches
  10 goblins
  8 hobgoblins
  16 kobolds
  2 quokkas
  3 frilled lizards
  A leopard gecko zombie (D:5)
  A quokka zombie (D:7)
  8 rats
250 creatures vanquished.

Vanquished Creatures (others)
  An ogre (D:5)
  A centaur skeleton (D:5)
  A leopard gecko (D:5)
  25 fungi (D:10)
  5 plants (D:10)
33 creatures vanquished.

Grand Total: 283 creatures vanquished

Notes
Turn   | Place    | Note
-------+----------+-------------------------------------------
     0 | D:1      | KamiKatze the Draconian Berserker began the quest for the
                  | Orb.
     0 | D:1      | Reached XP level 1. HP: 19/19 MP: 1/1
   199 | D:1      | Reached XP level 2. HP: 23/26 MP: 2/2
   541 | D:2      | Reached XP level 3. HP: 27/31 MP: 3/3
   717 | D:2      | Reached skill level 1 in Throwing
   838 | D:2      | Reached ** piety under Trog
  1059 | D:3      | Reached XP level 4. HP: 40/40 MP: 4/4
  1065 | D:3      | Reached skill level 4 in Axes
  1260 | D:3      | Reached skill level 1 in Shields
  1288 | D:3      | Reached XP level 5. HP: 21/46 MP: 5/5
  1813 | D:3      | You fall into a shaft and drop 3 floors!
  1820 | D:5      | Entered Level 5 of the Dungeon
  1836 | D:5      | Noticed an ogre
  1851 | D:5      | Killed an ogre
  1851 | D:5      | Reached XP level 6. HP: 53/53 MP: 6/6
  1897 | D:5      | Reached skill level 5 in Axes
  2053 | D:5      | Noticed a slave
  2133 | D:5      | Killed a slave
  2575 | D:3      | Noticed an ice beast
  2597 | D:3      | Killed an ice beast
  2597 | D:3      | Your scales start taking on a fiery red colour.
  2597 | D:3      | Reached XP level 7. HP: 31/60 MP: 7/7
  2597 | D:3      | Gained mutation: Your flesh is heat resistant. (rF+) [Red
                  | Draconian growth]
  2826 | D:4      | Noticed Natasha
  2835 | D:4      | Killed Natasha
  2922 | D:4      | Noticed Natasha
  2932 | D:4      | Killed Natasha
  3022 | D:4      | Noticed Natasha
  3038 | D:4      | Killed Natasha
  3099 | D:4      | Noticed Grinder
  3112 | D:4      | Killed Grinder
  3112 | D:4      | Reached skill level 5 in Fighting
  3112 | D:4      | Reached skill level 6 in Axes
  3752 | D:4      | Found a sparkling altar of Nemelex Xobeh.
  3840 | D:4      | Reached XP level 8. HP: 70/70 MP: 8/8
  4094 | D:5      | Noticed Pikel
  4115 | D:5      | Killed Pikel
  4115 | D:5      | Reached skill level 7 in Axes
  4263 | D:5      | Found a burning altar of Makhleb.
  4415 | D:6      | Noticed Prince Ribbit
  4481 | D:6      | Found a sparkling altar of Nemelex Xobeh.
  4481 | D:6      | Noticed Sigmund
  4486 | D:6      | Killed Sigmund
  4486 | D:6      | Reached skill level 5 in Dodging
  4537 | D:6      | Found Xaav's Antique Armour Shop.
  4617 | D:6      | Noticed Eustachio
  4910 | D:6      | Killed Eustachio
  4910 | D:6      | Reached skill level 5 in Shields
  5061 | D:6      | Found a runed translucent door.
  5062 | D:6      | Noticed Crazy Yiuf
  5101 | D:6      | Killed Prince Ribbit
  5101 | D:6      | Reached skill level 8 in Axes
  5101 | D:6      | Reached XP level 9. HP: 70/78 MP: 9/9
  5175 | D:6      | Killed Crazy Yiuf
  5345 | D:7      | Reached *** piety under Trog
  5769 | D:7      | Got a pitted whip
  5771 | D:7      | Identified the cursed +1 whip "Quyt" {drain, Dex+2} (You
                  | found it on level 7 of the Dungeon)
  5833 | D:7      | Found a staircase to the Ecumenical Temple.
  5839 | Temple   | Entered the Ecumenical Temple
  6162 | D:7      | Noticed a two-headed ogre
  6172 | D:7      | Killed a two-headed ogre
  6172 | D:7      | Reached skill level 9 in Axes
  6755 | D:8      | Noticed Maurice
  6766 | D:8      | Killed Maurice
  6843 | D:8      | Reached XP level 10. HP: 87/88 MP: 8/10
  7460 | D:9      | Noticed a two-headed ogre
  7476 | D:9      | Killed a two-headed ogre
  7476 | D:9      | Reached **** piety under Trog
  7476 | D:9      | Reached skill level 10 in Axes
  7733 | D:9      | Reached skill level 1 in Evocations
  7832 | D:9      | Found a hazy altar of Hepliaklqana.
  7947 | D:9      | Found a white marble altar of Elyvilon.
  7950 | D:9      | Found a shadowy altar of Dithmenos.
  7953 | D:9      | Found a shattered altar of Ashenzari.
  8024 | D:10     | Entered Level 10 of the Dungeon
  8119 | D:10     | Found a shimmering altar of Xom.
  8767 | D:10     | Noticed a manticore
  8783 | D:10     | Killed a manticore
  8913 | D:10     | Reached skill level 11 in Axes
  8978 | D:10     | Noticed an unseen horror
  9009 | D:10     | Killed an unseen horror
  9009 | D:10     | Reached XP level 11. HP: 48/97 MP: 8/11
  9375 | D:10     | Got a vibrating lead ring
  9378 | D:10     | Identified the ring "Aguegh" {rElec MP+9 Dex-4 Stlth+} (You
                  | found it on level 10 of the Dungeon)
  9532 | D:10     | Found the +8 mithril axe "Arga" {speed, MR+}
  9533 | D:10     | Found a staircase to the Lair.
  9549 | D:10     | Found an opulent altar of Gozag.
  9857 | D:11     | Noticed an unseen horror
  9884 | D:11     | Killed an unseen horror
 10434 | D:11     | Noticed a two-headed ogre
 10450 | D:11     | Killed a two-headed ogre
 10670 | D:12     | Noticed Psyche
 10680 | D:12     | Killed Psyche
 10680 | D:12     | Reached skill level 12 in Axes
 11124 | D:12     | Noticed a fire dragon
 11150 | D:12     | Killed a fire dragon
 11150 | D:12     | Reached skill level 10 in Fighting
 11230 | D:12     | Noticed a two-headed ogre
 11240 | D:12     | Noticed an unseen horror
 11248 | D:12     | Mangled by a two-headed ogre

Illustrated notes

Levels and vault maps discovered:
D:1:      nzn_arrival_crosshair, layout_rooms
D:2:      layout_rooms
D:3:      layout_loops_ring
D:4:      layout_basic, first_ration, nemelex_spade_bored_becter, uniq_natasha,
          uniq_grinder
D:5:      layout_basic, bloody_makhleb, uniq_pikel
D:6:      layout_loops_ring, overflow_temple_1_default, serial_shops,
          nicolae_shop_crystal, grunt_ministairs_1, solitary_fountain,
          uniq_prince_ribbit1, uniq_crazy_yiuf_cottage, uniq_eustachio,
          uniq_sigmund
D:7:      layout_layer_cave, minmay_temple_entry_fiery
D:8:      layout_basic, uniq_maurice
D:9:      layout_rooms, nicolae_overflow_hidden_temple,
          grunt_temple_overflow_diamond
D:10:     minmay_ornate_pinched, layout_basic, due_lair_maze_entry_diamond,
          basic_altar, grunt_pizzeria, nicolae_gozag_seed_capital
D:11:     layout_loops_ring
D:12:     minmay_the_grid_triangle_9x9_recursive_2_mashed
          [minmay_the_grid_triangle_9x9_prize_center,
          minmay_the_grid_triangle_9x9_sprig,
          minmay_the_grid_triangle_9x9_stretched_checkered,
          minmay_the_grid_triangle_9x9_wacky_v], layout_loops_ring,
          hiddenorc2_lemuel, serial_bayou_crossing, uniq_psyche
Temple:   compressed_dpeg_circular_temple

Skill      XL: |  1  2  3  4  5  6  7  8  9 10 11 |
---------------+----------------------------------+-----
Throwing       | 1 2 |  2.0
Dodging        | 3 4 5 6 7 8 |  8.4
Axes           | 4 5 6 8 9 11 12 | 12.3
Fighting       | 4 5 6 7 9 10 | 10.1
Shields        | 1 2 3 4 5 6 7 8 |  8.7
Evocations     | 1 2 |  2.0

Action                   |  1- 3 |  4- 6 |  7- 9 | 10-12 || total
-------------------------+-------+-------+-------+-------++-------
Melee: Hand axe          |    82 |   162 |   121 |       ||   365
       Tailslap          |    12 |    16 |    32 |    79 ||   139
       War axe           |       |       |   168 |   367 ||   535
       Broad axe         |       |       |       |   155 ||   155
Throw: Stone             |       |     1 |     1 |     9 ||    11
       Boomerang         |       |       |    12 |     5 ||    17
       Dart              |       |       |       |     6 ||     6
Invok: Berserk           |     4 |     7 |     9 |     7 ||    27
       Trog's Hand       |       |     1 |     1 |     4 ||     6
  Use: Scroll            |     1 |       |     1 |     7 ||     9
 Stab: Sleeping          |       |     1 |     1 |     2 ||     4
  Eat: Chunk             |     3 |     8 |    20 |    19 ||    50
       Ration            |       |     1 |     1 |     1 ||     3
Armor: Skin              |    11 |    40 |    93 |   107 ||   251
Dodge: Dodged            |    45 |   104 |   184 |   302 ||   635
Block: Buckler           |       |       |    53 |   112 ||   165
